 Dungeon Crawl Stone Soup version 0.24.1 (webtiles) character file.

Game seed: 13496776036285862221, levelgen mode: deterministic

28 Curus the Twirler (level 2, -1/22 HPs)
             Began as a Demonspawn Gladiator on Mar 27, 2020.
             Slain by a jackal (2 damage)
             ... on level 1 of the Dungeon.
             The game lasted 00:03:39 (621 turns).

Curus the Twirler (Demonspawn Gladiator)             Turns: 621, Time: 00:03:39

Health: -1/22      AC:  3    Str: 19    XL:     2   Next: 96%
Magic:  2/2        EV: 12    Int:  9    God:
Gold:   99         SH:  0    Dex: 14    Spells: 1/1 levels left

rFire    . . .     SeeInvis .   a - +0 quarterstaff
rCold    . . .     Gourm    .   (shield currently unavailable)
rNeg     . . .     Faith    .   b - +0 leather armour
rPois    .         Spirit   .   (helmet restricted)
rElec    .         Reflect  .   (no cloak)
rCorr    .         Harm     .   (no gloves)
MR       .....                  (no boots)
Stlth    +.........             (no amulet)
HPRegen  0.07/turn              (no ring)
MPRegen  0.08/turn              (no ring)

@: mighty
A: horns 1
a: no special abilities


You were on level 1 of the Dungeon.
You were not hungry.

You visited 1 branch of the dungeon, and saw 2 of its levels.

You collected 99 gold pieces.

Inventory:

Hand Weapons
 a - a +0 quarterstaff (weapon)
Missiles
 d - 3 throwing nets (quivered)
Armour
 b - a +0 leather armour (worn)
 c - a +0 helmet
Scrolls
 e - 2 scrolls of identify
Comestibles
 f - a ration


   Skills:
 - Level 2.0 Fighting
 - Level 3.2 Staves
 - Level 1.7 Throwing
 - Level 2.6 Dodging
 + Level 1.6 Unarmed Combat


You had one spell level left.
You didn't know any spells.
Your spell library was empty.

Dungeon Overview and Level Annotations

Branches:
Dungeon (2/15)

Altars:


Innate Abilities, Weirdness & Mutations

You have a pair of small horns on your head.


Message History

The jackal closely misses you. The jackal barely misses you.
The hobgoblin barely misses you.
You climb upwards.
There is a stone staircase leading down here.
You barely miss the hobgoblin. Your headbutt misses the hobgoblin.
The jackal closely misses you. The jackal barely misses you.
The jackal bites you.
* * * LOW HITPOINT WARNING * * *
The hobgoblin barely misses you. The jackal closely misses you.
You feel very mighty all of a sudden. The jackal barely misses you.
The hobgoblin misses you. The jackal misses you. The jackal barely misses you.
You barely miss the hobgoblin. The jackal closely misses you.
The hobgoblin misses you. The jackal bites you.
* * * LOW HITPOINT WARNING * * *
You barely miss the hobgoblin. The jackal bites you.
* * * LOW HITPOINT WARNING * * *
The jackal barely misses you. The hobgoblin barely misses you.
The jackal bites you.
You die...

#.................##........
#..................#........
#...........................
#......................#+#..
#....##.....................
#......................#....
#####....##..(........######
##....##.g..#...........#
#.....##@h...............
#.....###h.).#..........#
#............'..........+
#####.....)...####...#...#
#.............# #...#...#
#.............# #...#...#
###)........(...############
#..........(............#
#...........##..........###


You could see 2 jackals and a hobgoblin.

Vanquished Creatures
  2 dart slugs
  2 bats (D:1)
  3 goblins (D:1)
  4 hobgoblins (D:1)
  2 jackals (D:2)
  3 kobolds
  2 frilled lizards (D:1)
  4 rats (D:1)
22 creatures vanquished.

Notes
Turn   | Place    | Note
-------+----------+-------------------------------------------
     0 | D:1      | Curus the Demonspawn Gladiator began the quest for the Orb.
     0 | D:1      | Reached XP level 1. HP: 16/16 MP: 1/1
    30 | D:1      | Reached skill level 3 in Staves
   180 | D:1      | Gained mutation: You have a pair of small horns on your
                  | head. [demonic ancestry]
   180 | D:1      | Reached XP level 2. HP: 19/22 MP: 2/2
   431 | D:1      | Reached skill level 1 in Unarmed Combat
   621 | D:1      | HP: 1/22 [jackal (1)]
   621 | D:1      | Slain by a jackal

Levels and vault maps discovered:
D:1:      dpeg_arrival_arbitrary_c, layout_basic
D:2:      wad_woods_tower, layout_basic, chequers_ecumenical_altar_lobes,
          skrybe_limestone_x, serial_bayou_crossing

Skill      XL: |  1  2 |
---------------+-------+-----
Staves         | 3 |  3.2
Unarmed Combat | 1 |  1.6
Fighting       | |  2.0
Throwing       | |  1.7
Dodging        | |  2.6

Action                   || total
-------------------------++-------
Melee: Quarterstaff      ||    57
       Headbutt          ||     3
  Use: Potion            ||     3
       Scroll            ||     2
Armor: Leather armour    ||    18
Dodge: Dodged            ||    58
